[Event "ICC tourney 2046 (75 10)"]
[Site "Internet Chess Club"]
[Date "2020.10.09"]
[Round "1"]
[White "aakashjr"]
[Black "amdink"]
[Result "1-0"]
[ICCResult "Black checkmated"]
[WhiteElo "1514"]
[BlackElo "1328"]
[Opening "Giuoco Piano: Greco variation"]
[ECO "C54"]
[NIC "IG.02"]
[Time "20:05:13"]
[TimeControl "4500+10"]

1. e4 e5 2. Nf3 Nc6 3. Bc4 Bc5 4. c3 Nf6 5. d4 exd4 6. cxd4 Bb4+ 7. Nc3 Nxe4
8. O-O Nxc3 9. bxc3 Bxc3 10. Qb3 Bxa1 11. Bxf7+ Kf8 12. Bg5 Nxd4 13. Qa3+
Kxf7 14. Bxd8 Rxd8 15. Rxa1 Nxf3+ 16. Qxf3+ Kg8 17. Re1 d6 18. Re7 Rf8 19.
Qg3 g6 20. Qb3+ Kh8 21. Qc3+ Kg8 22. Qg7# {Black checkmated} 1-0

[Event "ICC tourney 2046 (75 10)"]
[Site "Internet Chess Club"]
[Date "2020.10.09"]
[Round "1"]
[White "Dayman"]
[Black "BotanicalKnight"]
[Result "1-0"]
[ICCResult "Black resigns"]
[WhiteElo "1592"]
[BlackElo "1391"]
[Opening "Caro-Kann: Steinitz variation"]
[ECO "B17"]
[NIC "CK.05"]
[Time "20:05:28"]
[TimeControl "4500+10"]

1. e4 c6 2. d4 d5 3. Nc3 dxe4 4. Nxe4 Nd7 5. Bd3 Ngf6 6. Bg5 Nxe4 7. Bxe4
Qa5+ 8. Bd2 Qb6 9. Bc3 Nf6 10. Bf3 Bf5 11. Ne2 e6 12. Ng3 Bg6 13. Qe2 Nd5
14. Bxd5 cxd5 15. O-O Bb4 16. Bxb4 Qxb4 17. c3 Qb6 18. b4 O-O 19. Nh5 Rfc8
20. Rfc1 Rc4 21. Nf4 Rac8 22. a4 Rxc3 23. Rxc3 Rxc3 24. Nxd5 Qc6 25. Ne7+
{Black resigns}
1-0

[Event "ICC tourney 2046 (75 10)"]
[Site "Internet Chess Club"]
[Date "2020.10.09"]
[Round "1"]
[White "jjplaman"]
[Black "SukrutN"]
[Result "0-1"]
[ICCResult "White resigns"]
[WhiteElo "1389"]
[BlackElo "1173"]
[Opening "Sicilian: Nimzovich-Rossolimo attack (without ...d6)"]
[ECO "B30"]
[NIC "SI.31"]
[Time "20:05:13"]
[TimeControl "4500+10"]

1. e4 c5 2. Nf3 Nc6 3. Bb5 Qb6 4. Nc3 e6 5. d3 Nge7 6. Be3 a6 7. Bxc6 Nxc6
8. O-O Qxb2 9. Qd2 Qa3 10. Rfb1 b5 11. Bf4 Qa5 12. Ne5 Nd4 13. a4 Qxc3 14.
axb5 Qxd2 15. Bxd2 Nxc2 16. Ra2 Nb4 17. Bxb4 cxb4 18. Rc1 Bd6 19. Nc4 Bf4
20. Rb1 Bb7 21. g3 Bc7 22. Rxb4 axb5 23. Rxa8+ Bxa8 24. Rxb5 Bc6 25. Rb1 O-O
26. f4 d5 27. Ne5 Bxe5 28. fxe5 dxe4 29. Rc1 Ba8 30. dxe4 Bxe4 31. Kf2 Bd5
32. Ke3 g6 33. h4 Kg7 34. Kf4 Ra8 35. Rc3 Rb8 36. Rd3 Rb3 37. Rxb3 Bxb3 38.
g4 Bd5 39. g5 Ba8 40. Ke3 Kf8 41. Kd4 Ke7 42. Kc5 Kd7 43. Kb6 Bf3 44. Kc5
Kc7 45. Kb5 Bc6+ 46. Kc5 Bd7 47. Kd4 Kb6 48. Kc4 Bc6 49. Kb4 Bd5 50. Kc3 Kc5
51. Kd3 Bc6 52. Ke3 Kc4 53. Kf4 Kd4 54. Kg4 Kxe5 55. h5 gxh5+ 56. Kxh5 Be4
57. Kh6 Bg6 58. Kg7 Kf5 59. Kf8 Kxg5 60. Ke7 e5 61. Kd6 e4 {White resigns}
0-1

[Event "ICC tourney 2046 (75 10)"]
[Site "Internet Chess Club"]
[Date "2020.10.09"]
[Round "1"]
[White "Twinkletoesss"]
[Black "miyzhang"]
[Result "1-0"]
[ICCResult "Black checkmated"]
[WhiteElo "1515"]
[BlackElo "1297"]
[Opening "Ruy Lopez: Marshall, main line, 14...Qh3"]
[ECO "C89"]
[NIC "RL.17"]
[Time "20:05:13"]
[TimeControl "4500+10"]

1. e4 e5 2. Nf3 Nc6 3. Bb5 a6 4. Ba4 Nf6 5. O-O Be7 6. Re1 b5 7. Bb3 O-O 8.
c3 d5 9. exd5 Nxd5 10. Nxe5 Nxe5 11. Rxe5 c6 12. d4 Bd6 13. Re1 Qh4 14. g3
Qh3 15. Qf3 Bg4 16. Qg2 Qh5 17. Be3 Bf3 18. Qf1 Kh8 19. Nd2 Bg4 20. Qg2 Bc7
21. a4 Nxe3 22. Rxe3 c5 23. Rae1 cxd4 24. Qxa8 Bd6 25. Re8 Kg8 26. Rxf8+
Bxf8 27. Re8 Qc5 28. Ne4 Bf3 29. Nxc5 Bxa8 30. Rxa8 dxc3 31. bxc3 bxa4 32.
Bxa4 f6 33. Bb3+ Kh8 34. Rxf8# {Black checkmated} 1-0

[Event "ICC tourney 2046 (75 10)"]
[Site "Internet Chess Club"]
[Date "2020.10.09"]
[Round "1"]
[White "tjsathyan"]
[Black "georgianknight"]
[Result "1-0"]
[ICCResult "Black checkmated"]
[WhiteElo "1439"]
[BlackElo "1377"]
[Opening "Sicilian: Najdorf, Byrne (English) attack"]
[ECO "B90"]
[NIC "SI.14"]
[Time "20:05:56"]
[TimeControl "4500+10"]

1. e4 c5 2. Nf3 d6 3. d4 cxd4 4. Nxd4 Nf6 5. Nc3 a6 6. Be3 e6 7. Bd3 b5 8.
O-O Be7 9. a3 Bb7 10. f3 O-O 11. Nde2 Nbd7 12. Ng3 Nb6 13. b3 Rc8 14. Qe1 d5
15. exd5 Nbxd5 16. Nxd5 Nxd5 17. Bd2 Qb6+ 18. Kh1 Bh4 19. Qe4 Nf6 20. Qxh4
Rfd8 21. Bg5 e5 22. Bxf6 Qxf6 23. Qxf6 gxf6 24. Ne4 Bxe4 25. fxe4 Rd6 26.
Rf5 Rcc6 27. Raf1 Kh8 28. g4 Kg7 29. g5 Kg6 30. gxf6 Rxf6 31. Rxf6+ Rxf6 32.
Rxf6+ Kxf6 33. Kg2 Ke6 34. a4 bxa4 35. Bxa6 a3 36. Bc4+ Kd6 37. b4 Kc6 38.
Bxf7 Kb5 39. Bb3 Kc6 40. Kg3 Kd6 41. Kg4 Ke7 42. Kf5 Kd6 43. Kf6 h5 44. Kg5
Ke7 45. Kxh5 Kf6 46. Kh6 Ke7 47. Kg6 Kd6 48. h4 Kc6 49. h5 Kb6 50. h6 Ka6
51. h7 Kb7 52. h8=Q Kc7 53. Qxe5+ Kb7 54. Qb5+ Kc7 55. Kf6 Kd6 56. Qb6+ Kd7
57. Be6+ Ke8 58. Qb7 Kf8 59. Qf7# {Black checkmated} 1-0

[Event "ICC tourney 2046 (75 10)"]
[Site "Internet Chess Club"]
[Date "2020.10.09"]
[Round "1"]
[White "adinanda"]
[Black "Levymeister"]
[Result "0-1"]
[ICCResult "White checkmated"]
[WhiteElo "1266"]
[BlackElo "1497"]
[Opening "Caro-Kann: classical variation"]
[ECO "B18"]
[NIC "CK.10"]
[Time "20:16:47"]
[TimeControl "4500+10"]

1. e4 c6 2. d4 d5 3. Nc3 dxe4 4. Nxe4 Bf5 5. Ng3 Bg6 6. Nf3 Nf6 7. Bd3 Bxd3
8. Qxd3 Nbd7 9. c3 e6 10. Bf4 Nd5 11. Bd2 Bd6 12. Ne4 Bc7 13. c4 N5f6 14.
Nxf6+ Nxf6 15. Bg5 h6 16. Bh4 g5 17. Bg3 Bxg3 18. hxg3 g4 19. Ne5 Qe7 20.
O-O-O O-O-O 21. Qe3 h5 22. Kb1 Nd7 23. a3 Nb6 24. Qf4 f6 25. Nd3 Nxc4 26.
Nc5 e5 27. Qf5+ Kb8 28. dxe5 Qxc5 29. Qxf6 Rdf8 30. Qg5 Qxf2 31. Rxh5 Qxb2#
{White checkmated}
0-1

[Event "ICC tourney 2046 (75 10)"]
[Site "Internet Chess Club"]
[Date "2020.10.09"]
[Round "1"]
[White "jayrag"]
[Black "RockyWang"]
[Result "1-0"]
[ICCResult "Black checkmated"]
[WhiteElo "1405"]
[BlackElo "746"]
[Opening "Queen's pawn game"]
[ECO "D02"]
[NIC "QP.08"]
[Time "20:05:13"]
[TimeControl "4500+10"]

1. d4 d5 2. Nf3 Bg4 3. Nbd2 Nf6 4. g3 Nc6 5. Bg2 e6 6. a3 Bd6 7. b3 O-O 8.
Bb2 Re8 9. O-O Qd7 10. Ne5 Qe7 11. Nxg4 Nxg4 12. h3 Nf6 13. Nf3 Rad8 14. e3
e5 15. Re1 e4 16. Nd2 Qd7 17. c4 Bf8 18. Rc1 g6 19. Qe2 a6 20. Red1 Qe6 21.
cxd5 Qxd5 22. Rc2 Qd7 23. d5 Ne5 24. Kh2 Qxd5 25. Nxe4 Qxd1 26. Qxd1 Rxd1
27. Nxf6+ Kh8 28. Nxe8 Bg7 29. Nxg7 Kxg7 30. Bxe5+ Kh6 31. Rxc7 Rd8 32. Rxf7
Re8 33. Bg7+ Kh5 34. Bf3+ Kg5 35. h4# {Black checkmated} 1-0

[Event "ICC tourney 2046 (75 10)"]
[Site "Internet Chess Club"]
[Date "2020.10.09"]
[Round "1"]
[White "ivo20"]
[Black "sburreus09"]
[Result "1-0"]
[ICCResult "Black checkmated"]
[WhiteElo "1368"]
[BlackElo "1497"]
[Opening "Queen's Pawn"]
[ECO "B07"]
[NIC "QO.17"]
[Time "20:05:14"]
[TimeControl "4500+10"]

1. d4 d6 2. e4 c6 3. h3 Nf6 4. Nc3 Qc7 5. Nf3 e5 6. Be3 Be7 7. Bd3 Nbd7 8.
Ne2 Nh5 9. c4 Nb6 10. b3 Nd7 11. d5 g6 12. Bh6 Rg8 13. Bg5 f6 14. Bd2 Nc5
15. Be3 Bd7 16. Bxc5 dxc5 17. Qc2 O-O-O 18. O-O-O Ng7 19. Kb1 f5 20. exf5
gxf5 21. dxc6 Qxc6 22. Nxe5 Qf6 23. Nxd7 Rxd7 24. Nc3 Rgd8 25. Nd5 Qg5 26.
Nxe7+ Rxe7 27. f4 Qf6 28. Rhf1 h5 29. Be2 Rde8 30. Bd3 Re3 31. Qb2 Qf7 32.
Qa3 b6 33. Qa6+ Kb8 34. Bc2 Ne6 35. Qa3 Nd4 36. Qb2 Re2 37. Rc1 Rxg2 38.
Rfd1 Re4 39. Qa3 Ree2 40. Rxd4 cxd4 41. Qd6+ Kb7 42. Qxd4 h4 43. c5 Qe6 44.
cxb6 axb6 45. Qd3 Rgf2 46. a4 Rxf4 47. a5 Rf3 48. Qxf3+ Ka7 49. Bxf5 Qe5 50.
axb6+ Kxb6 51. Qc6+ Ka7 52. Qd7+ Kb6 53. Rc6+ Ka5 54. Qa7+ Kb4 55. Qb6+ Ka3
56. Qa6+ Kxb3 57. Qb7+ Ka4 58. Ra6+ Qa5 59. Bd7+ Ka3 60. Rxa5#
{Black checkmated}
1-0

[Event "ICC tourney 2046 (75 10)"]
[Site "Internet Chess Club"]
[Date "2020.10.09"]
[Round "1"]
[White "SunnyDays0"]
[Black "ChessMindTT"]
[Result "0-1"]
[ICCResult "White resigns"]
[WhiteElo "1140"]
[BlackElo "1448"]
[Opening "Queen's bishop game"]
[ECO "D02"]
[NIC "QP.06"]
[Time "20:05:14"]
[TimeControl "4500+10"]

1. d4 Nf6 2. Nf3 d5 3. Bf4 Bf5 4. e3 e6 5. Bd3 Ne4 6. Bxe4 Bxe4 7. Nbd2 Bd6
8. Nxe4 Bxf4 9. exf4 dxe4 10. Ne5 O-O 11. O-O Qd6 12. g3 Nd7 13. Re1 f5 14.
c3 Rad8 15. Qb3 b6 16. Qa4 Nxe5 17. fxe5 Qe7 18. Qxa7 Ra8 19. Qb7 Qd7 20. d5
exd5 21. Rad1 Rfb8 22. Rxd5 Qe6 23. Qxb8+ Rxb8 24. Red1 c6 25. Rd6 Qxe5 26.
Rxc6 e3 {White resigns} 0-1

[Event "ICC tourney 2046 (75 10)"]
[Site "Internet Chess Club"]
[Date "2020.10.09"]
[Round "1"]
[White "wicked"]
[Black "ethanpu"]
[Result "0-1"]
[ICCResult "White resigns"]
[WhiteElo "1516"]
[BlackElo "1419"]
[Opening "Four knights: Italian variation"]
[ECO "C47"]
[NIC "KP.06"]
[Time "20:05:10"]
[TimeControl "4500+10"]

1. e4 e5 2. Nf3 Nc6 3. Nc3 Nf6 4. Bc4 Bb4 5. d3 h6 6. h3 O-O 7. Bd2 d6 8. a3
Bc5 9. Na4 Be6 10. Bxe6 fxe6 11. Nxc5 dxc5 12. Bc3 Qd6 13. O-O Nh5 14. Nxe5
Nxe5 15. Qxh5 Nc6 16. Qg4 Nd4 17. Bxd4 cxd4 18. f4 Rf7 19. f5 exf5 20. Rxf5
Rxf5 21. Qxf5 Rf8 22. Qd5+ Qxd5 23. exd5 Rd8 24. c4 dxc3 25. bxc3 Rxd5 26.
d4 Rb5 27. Kf2 Rb3 28. c4 Rd3 29. c5 Rxd4 30. Rb1 b6 31. cxb6 cxb6 32. Ke3
Ra4 33. Rb3 Kf7 34. Kd2 Ke6 35. Kc2 Kd5 36. Kb2 Rf4 37. Rd3+ Rd4 38. Rc3
Rd2+ 39. Kb3 Rxg2 40. Rd3+ Kc5 41. Rc3+ Kb5 42. Re3 g5 43. Re5+ Ka6 44. h4
gxh4 45. Rh5 Rh2 46. Rxh6 Rh1 47. Ka4 h3 48. Rh4 h2 49. Rh6 Kb7 50. Rh7+ Kc6
51. Rh6+ Kd5 52. Rh7 b5+ 53. Ka5 b4 {White resigns} 0-1

[Event "ICC tourney 2046 (75 10)"]
[Site "Internet Chess Club"]
[Date "2020.10.09"]
[Round "1"]
[White "JavierDix"]
[Black "beibeiolivia"]
[Result "0-1"]
[ICCResult "White resigns"]
[WhiteElo "1400"]
[BlackElo "1289"]
[Opening "Queen's pawn game"]
[ECO "D02"]
[NIC "QP.08"]
[Time "20:05:18"]
[TimeControl "4500+10"]

1. d4 d5 2. Nf3 Bf5 3. Bf4 Nf6 4. e3 e6 5. Nbd2 Bd6 6. Ne5 Nbd7 7. Ndf3 O-O
8. h3 h6 9. Bd3 Ne4 10. Nxd7 Qxd7 11. Ne5 Qe7 12. a3 f6 13. Bxe4 Bxe4 14.
Nf3 Bxf4 15. exf4 Qd6 16. g3 Qb6 17. b3 Bxf3 18. Qxf3 Qxd4 19. O-O Qe4 20.
Qxe4 dxe4 21. Rfe1 f5 22. f3 exf3 23. Rxe6 Rfe8 24. Rae1 Rxe6 25. Rxe6 Kf7
26. Re3 Rd8 27. Rxf3 Rd1+ 28. Kg2 Rd2+ 29. Rf2 Rxf2+ 30. Kxf2 c5 31. c4 b6
32. Kf3 Kf6 33. h4 g5 34. h5 a6 35. a4 g4+ 36. Ke3 Ke6 37. Kd3 Kd6 38. Kc3
Kc6 39. b4 cxb4+ 40. Kxb4 a5+ 41. Kc3 Kc5 42. Kd3 Kb4 43. Kd4 Kxa4 44. Kc3
b5 45. cxb5 Kxb5 46. Kb3 a4+ 47. Ka3 Ka5 48. Kb2 Kb4 49. Ka2 a3 50. Kb1 Kc3
51. Ka2 Kd3 52. Kxa3 Ke3 53. Kb4 Kf3 54. Kc5 Kxg3 55. Kd6 Kxf4 56. Ke6 Kg5
{White resigns}
0-1

[Event "ICC tourney 2046 (75 10)"]
[Site "Internet Chess Club"]
[Date "2020.10.09"]
[Round "1"]
[White "chess278"]
[Black "lerui"]
[Result "1-0"]
[ICCResult "Black checkmated"]
[WhiteElo "1412"]
[BlackElo "1071"]
[Opening "Réti opening"]
[ECO "A05"]
[NIC "QP.11"]
[Time "20:05:15"]
[TimeControl "4500+10"]

1. Nf3 Nf6 2. b3 g6 3. Bb2 Bg7 4. e3 O-O 5. Be2 e6 6. O-O d6 7. d4 Nc6 8.
Nbd2 Bd7 9. c4 d5 10. Rc1 Re8 11. Ne5 Qe7 12. a3 a5 13. Qc2 Rf8 14. f4 Qd8
15. cxd5 exd5 16. Nxd7 Qxd7 17. Bb5 Nxd4 18. Bxd4 Qxb5 19. a4 Qd7 20. Qxc7
Qxc7 21. Rxc7 Rab8 22. Bb6 Rfe8 23. h3 Rec8 24. Rfc1 Rxc7 25. Rxc7 Bf8 26.
Bxa5 Bd6 27. Rc2 Re8 28. Kf2 Ne4+ 29. Nxe4 Rxe4 30. Rd2 Bb4 31. Rxd5 Bxa5
32. Rxa5 Rb4 33. Rb5 Rxb5 34. axb5 Kf8 35. e4 Ke7 36. Ke3 Ke6 37. Kd4 Kd6
38. b4 b6 39. g4 h6 40. f5 gxf5 41. e5+ Ke6 42. gxf5+ Kxf5 43. Kd5 Kf4 44.
Kc6 Kxe5 45. Kxb6 f5 46. Kc6 f4 47. b6 f3 48. b7 f2 49. b8=Q+ Ke4 50. Qb5
Ke3 51. Qf1 Kf3 52. b5 Ke3 53. b6 Kf3 54. b7 Ke3 55. b8=Q Kf3 56. Qb3+ Ke4
57. Qxf2 h5 58. Qbe3# {Black checkmated} 1-0

[Event "ICC tourney 2046 (75 10)"]
[Site "Internet Chess Club"]
[Date "2020.10.09"]
[Round "1"]
[White "VirginiaGuy"]
[Black "Supersamraat"]
[Result "0-1"]
[ICCResult "White resigns"]
[WhiteElo "1368"]
[BlackElo "1556"]
[Opening "King's Indian: Torre attack"]
[ECO "A48"]
[NIC "QP.01"]
[Time "20:05:11"]
[TimeControl "4500+10"]

1. d4 Nf6 2. Nf3 g6 3. Bg5 Bg7 4. e3 d6 5. Nbd2 O-O 6. Be2 Nbd7 7. c3 c5 8.
O-O a6 9. Rc1 b6 10. e4 h6 11. Bf4 g5 12. Be3 Ng4 13. Qb3 Nxe3 14. fxe3 Nf6
15. h3 g4 16. hxg4 Nxg4 17. c4 e5 18. d5 Bd7 19. Nh2 Nxh2 20. Kxh2 Qh4+ 21.
Kg1 Rab8 22. Qc2 Kh8 23. Nf3 Qg3 24. Qd1 Bh3 25. Rf2 f5 26. exf5 e4 27. Ne1
Be5 28. Kf1 Qh2 29. Bh5 Bg3 30. Rfc2 Rxf5+ {White resigns} 0-1

[Event "ICC tourney 2046 (75 10)"]
[Site "Internet Chess Club"]
[Date "2020.10.09"]
[Round "1"]
[White "Electryon"]
[Black "Sirichess"]
[Result "0-1"]
[ICCResult "White resigns"]
[WhiteElo "1309"]
[BlackElo "1557"]
[Opening "Queen's pawn game, Chigorin variation"]
[ECO "D02"]
[NIC "QP.08"]
[Time "20:05:09"]
[TimeControl "4500+10"]

1. d4 d5 2. Nf3 Nc6 3. Bf4 Bf5 4. c3 Nf6 5. e3 e6 6. Bd3 Bg6 7. Qc2 Bd6 8.
Bg5 O-O 9. Nbd2 Be7 10. O-O Bxd3 11. Qxd3 h6 12. Bf4 Nh7 13. e4 Ng5 14. Rfe1
dxe4 15. Nxe4 Nxe4 16. Qxe4 Bd6 17. Rad1 Bxf4 18. Qxf4 Rc8 19. Qg3 Qd5 20.
b3 Qa5 21. Re4 Ne7 22. Re5 Qxc3 23. Rc5 Qb2 24. Rxc7 Nf5 25. Qf4 Qxa2 26.
Rxb7 Rc2 27. g4 g5 28. Nxg5 hxg5 29. Qxg5+ Ng7 30. Qe3 Qa6 31. Qf3 Qc6 32.
d5 Qxb7 33. Qd3 Rfc8 34. dxe6 Nxe6 {White resigns} 0-1

[Event "ICC tourney 2046 (75 10)"]
[Site "Internet Chess Club"]
[Date "2020.10.09"]
[Round "1"]
[White "magicpup"]
[Black "kbendre"]
[Result "1-0"]
[ICCResult "Black checkmated"]
[WhiteElo "1541"]
[BlackElo "1265"]
[Opening "Sicilian: Canal-Sokolsky attack, 3...Bd7"]
[ECO "B52"]
[NIC "SI.01"]
[Time "20:05:11"]
[TimeControl "4500+10"]

1. e4 c5 2. Nf3 d6 3. Bb5+ Bd7 4. Bxd7+ Nxd7 5. O-O g6 6. c3 Bg7 7. d4 cxd4
8. cxd4 Ngf6 9. Nc3 O-O 10. Qe2 e5 11. dxe5 dxe5 12. Rd1 Qe7 13. Bg5 Qe6 14.
Nb5 Qb6 15. Bxf6 Nxf6 16. Nxe5 Qe6 17. Nf3 Qxe4 18. Qxe4 Nxe4 19. Rab1 a6
20. Nd6 Nxd6 21. Rxd6 Rac8 22. b3 Rc2 23. Rd2 Rfc8 24. g3 Rxd2 25. Nxd2 Rc2
26. Nc4 Bd4 27. Ne3 Rxa2 28. Rd1 Ba7 29. Rd7 Re2 30. Kf1 Rb2 31. Rxb7 Bxe3
32. fxe3 Rxh2 33. Rb6 Rb2 34. Rxa6 Rxb3 35. Kf2 Rb2+ 36. Kf3 Kg7 37. Ra7 Kf6
38. Ra6+ Kg5 39. Ra7 Rb1 40. Kf2 Rb2+ 41. Kf3 Rb1 42. Kf2 Kg4 43. Ra4+ Kf5
44. Rf4+ Ke6 45. Re4+ Kf6 46. Rf4+ Kg7 47. Rd4 f5 48. Rd7+ Kh6 49. Rc7 Rb2+
50. Kf3 Rh2 51. Rc5 Kg5 52. Rc4 h5 53. Rd4 h4 54. gxh4+ Rxh4 55. Rd3 Rh3+
56. Kg2 Kg4 57. Rd4+ Kh5 58. Kxh3 g5 59. Rd5 g4+ 60. Kg3 Kg5 61. e4 Kf6 62.
Rxf5+ Ke6 63. Kxg4 Ke7 64. Rh5 Ke6 65. Kf4 Ke7 66. Rh6 Kf7 67. Kf5 Kg7 68.
Ra6 Kh7 69. Kg5 Kg7 70. Ra7+ Kf8 71. Kf6 Ke8 72. Ke6 Kd8 73. Kd6 Kc8 74. Kc6
Kb8 75. Rh7 Kc8 76. Rh8# {Black checkmated} 1-0

[Event "ICC tourney 2046 (75 10)"]
[Site "Internet Chess Club"]
[Date "2020.10.09"]
[Round "1"]
[White "Attack1010"]
[Black "Jeffchess"]
[Result "1-0"]
[ICCResult "Black checkmated"]
[WhiteElo "1495"]
[BlackElo "1300"]
[Opening "Old Benoni defense"]
[ECO "A43"]
[NIC "OI.09"]
[Time "20:06:02"]
[TimeControl "4500+10"]

1. d4 c5 2. d5 d6 3. e4 e5 4. Nc3 Nf6 5. Nf3 Bg4 6. Be2 Be7 7. O-O a6 8. a4
Nbd7 9. a5 O-O 10. Nd2 Bxe2 11. Qxe2 Qc7 12. Nc4 Rfb8 13. Na4 Bd8 14. Bd2
Ne8 15. f4 Bf6 16. Ra3 h6 17. Bc3 Rd8 18. Nab6 Nxb6 19. axb6 Qe7 20. fxe5
dxe5 21. Rf5 Nd6 22. Nxd6 Rxd6 23. Ba5 Qd7 24. c4 Re8 25. Qg4 g6 26. h3 Bg5
27. Rf1 Qxg4 28. hxg4 Re7 29. b4 Red7 30. bxc5 Be3+ 31. Kh1 Bxc5 32. Rb3 Kg7
33. Kh2 Rf6 34. Rff3 Rdd6 35. Rxf6 Rxf6 36. Bc3 Rxb6 37. Rxb6 Bxb6 38. Bxe5+
f6 39. Bd6 Kf7 40. Kg3 Bd4 41. Kf4 Ke8 42. c5 Kd7 43. Bf8 Bc3 44. Ke3 Bb2
45. Kd3 h5 46. gxh5 gxh5 47. Kc4 a5 48. Kb5 Bc3 49. Bh6 Kc7 50. Bf4+ Kd7 51.
Bb8 b6 52. c6+ Kc8 53. Ba7 Bd4 54. Bxb6 Bxb6 55. Kxb6 a4 56. d6 a3 57. d7+
Kd8 58. c7+ Kxd7 59. Kb7 a2 60. c8=Q+ Kd6 61. Qa8 Ke5 62. Qxa2 Kxe4 63. Qe6+
Kf4 64. Qxf6+ Kg3 65. Qf3+ Kh4 66. Qh3+ Kg5 67. Kc6 h4 68. Kd5 Kh5 69. Ke5
Kg5 70. Qf5+ Kh6 71. Qg4 h3 72. Kf6 hxg2 73. Qxg2 Kh5 74. Qg5#
{Black checkmated}
1-0

[Event "ICC tourney 2046 (75 10)"]
[Site "Internet Chess Club"]
[Date "2020.10.09"]
[Round "1"]
[White "dangdang2000"]
[Black "strangerthingz"]
[Result "0-1"]
[ICCResult "White resigns"]
[WhiteElo "1190"]
[BlackElo "1428"]
[Opening "Giuoco Pianissimo"]
[ECO "C50"]
[NIC "IG.02"]
[Time "20:05:08"]
[TimeControl "4500+10"]

1. e4 e5 2. Nf3 Nc6 3. Bc4 Bc5 4. d3 d6 5. c3 Bb6 6. O-O Nf6 7. Nbd2 O-O 8.
Re1 Bg4 9. Nf1 Re8 10. Ng3 a6 11. h3 Be6 12. Bxe6 fxe6 13. Be3 Bxe3 14. Rxe3
Ne7 15. Qb3 Qd7 16. Ng5 Ng6 17. d4 h6 18. Nf3 exd4 19. cxd4 c6 20. e5 Nd5
21. Re4 dxe5 22. dxe5 Qc7 23. Rd1 Rad8 24. Rdd4 b5 25. h4 c5 26. Rd1 c4 27.
Qc2 Nb4 28. Rxd8 Rxd8 29. Qb1 Nd3 30. Nd4 Qb6 31. Nge2 Ne7 32. b3 Nf5 33.
Qa1 Kf7 34. h5 Qc5 35. g4 Nxd4 36. Nxd4 c3 37. b4 Qc4 38. g5 Rxd4 39. Re3
Rg4+ 40. Kh2 Qf4+ {White resigns} 0-1

[Event "ICC tourney 2046 (75 10)"]
[Site "Internet Chess Club"]
[Date "2020.10.09"]
[Round "1"]
[White "charlestxie"]
[Black "Vidipkona"]
[Result "1/2-1/2"]
[ICCResult "Game drawn by mutual agreement"]
[WhiteElo "1318"]
[BlackElo "1454"]
[Opening "Benoni: classical with e4 and Nf3"]
[ECO "A70"]
[NIC "BI.20"]
[Time "20:05:15"]
[TimeControl "4500+10"]

1. d4 Nf6 2. c4 c5 3. d5 e6 4. Nc3 exd5 5. cxd5 d6 6. e4 g6 7. Nf3 Bg7 8. h3
O-O 9. Bd3 a6 10. a4 Re8 11. O-O Qc7 12. Re1 Nbd7 13. Bf4 b6 14. Rc1 Bb7 15.
Qc2 Rac8 16. Nb1 Nf8 17. Na3 Rcd8 18. Nc4 Nh5 19. Bh2 b5 20. axb5 axb5 21.
Bxd6 Rxd6 22. Nxd6 Qxd6 23. Qxc5 Qxc5 24. Rxc5 b4 25. b3 Bc3 26. Rd1 Nf4 27.
Rc7 Nxd3 28. Rxd3 Ba6 29. Re3 h6 30. e5 Bb5 31. Rb7 Ba6 32. Rb6 Bc8 33. Rd6
Bf5 34. g4 Bc2 35. e6 fxe6 36. dxe6 Re7 37. Nd4 Bxd4 38. Rxd4 Rxe6 39. Rxe6
Nxe6 40. Rxb4 Kf7 41. Rb7+ Kf6 42. b4 Nf4 43. Kh2 Ke5 44. b5 Kd6 45. b6 Nd5
{Game drawn by mutual agreement}
1/2-1/2

[Event "ICC tourney 2046 (75 10)"]
[Site "Internet Chess Club"]
[Date "2020.10.09"]
[Round "1"]
[White "siddarth1"]
[Black "jojoraman"]
[Result "0-1"]
[ICCResult "White checkmated"]
[WhiteElo "1510"]
[BlackElo "1384"]
[Opening "Scotch gambit: Benima defense"]
[ECO "C44"]
[NIC "SO.06"]
[Time "20:05:12"]
[TimeControl "4500+10"]

1. e4 e5 2. Nf3 Nc6 3. d4 exd4 4. Bc4 Be7 5. Nxd4 Nf6 6. Nc3 O-O 7. O-O Ne5
8. Be2 Ng6 9. Nf5 d6 10. Nd4 Re8 11. Re1 Bd7 12. Bf3 Rb8 13. Be3 a6 14. Nd5
Nxd5 15. exd5 Bf6 16. Qd2 Ne5 17. Be2 Ng6 18. Nf3 Bxb2 19. Rab1 Bf6 20. Qa5
Re7 21. Qb4 b6 22. a4 a5 23. Qb3 Re8 24. Bb5 Bxb5 25. Qxb5 Ne5 26. Nd4 Ra8
27. Bf4 Ng4 28. Rxe8+ Qxe8 29. Qxe8+ Rxe8 30. Nb5 Bd8 31. h3 Nf6 32. Be3
Nxd5 33. Bd4 Re4 34. Rd1 Re2 35. c3 Ra2 36. Re1 Kf8 37. c4 Nb4 38. Nc3 Ra3
39. Rc1 Na2 40. Nxa2 Rxa2 41. Ra1 Rxa1+ 42. Bxa1 Bf6 43. Bxf6 gxf6 44. Kh2
Ke7 45. Kg3 Ke6 46. Kf4 d5 47. cxd5+ Kxd5 48. Ke3 Kc5 49. Kd3 Kb4 50. Ke4 c5
51. Kf5 c4 52. Kxf6 c3 53. Kxf7 c2 54. f4 c1=Q 55. f5 Qg5 56. f6 Qxg2 57.
Ke8 Qg8+ 58. Ke7 Kxa4 59. f7 Qxf7+ 60. Kxf7 Kb3 61. Kg7 a4 62. Kxh7 a3 63.
Kg7 a2 64. h4 a1=Q+ 65. Kh6 Qh1 66. h5 Kc4 67. Kg6 Kd5 68. h6 Qxh6+ 69. Kxh6
b5 70. Kg5 b4 71. Kf4 b3 72. Ke3 b2 73. Kd2 b1=Q 74. Ke3 Qc2 75. Kf4 Qd3 76.
Kg5 Qe4 77. Kf6 Kd6 78. Kg7 Qf5 79. Kg8 Qd7 80. Kf8 Ke6 81. Kg8 Qe7 82. Kh8
Kf6 83. Kg8 Qg7# {White checkmated} 0-1

[Event "ICC tourney 2046 (75 10)"]
[Site "Internet Chess Club"]
[Date "2020.10.09"]
[Round "1"]
[White "agore"]
[Black "otcm"]
[Result "1-0"]
[ICCResult "Black resigns"]
[WhiteElo "1496"]
[BlackElo "1522"]
[Opening "Sicilian: dragon variation"]
[ECO "B70"]
[NIC "SI.15"]
[Time "20:05:13"]
[TimeControl "4500+10"]

1. e4 c5 2. Nf3 d6 3. d4 cxd4 4. Nxd4 Nf6 5. Nc3 g6 6. Bb5+ Nbd7 7. O-O Bg7
8. Nd5 O-O 9. Bg5 e6 10. Nxf6+ Nxf6 11. Nf3 Qb6 12. Bc4 Nxe4 13. Be3 Qxb2
14. Qd3 d5 15. Bd4 Bxd4 16. Nxd4 Nc5 17. Qe3 dxc4 18. Rfb1 Qxa1 19. Rxa1 Bd7
20. Nf3 Rac8 21. Ne5 Rfd8 22. Ng4 f5 23. Nf6+ Kf7 24. Nxh7 Ne4 25. f3 Nf6
26. Ng5+ Ke7 27. Rd1 Rc6 28. Qxa7 Nd5 29. Qd4 Rg8 30. Re1 Kd8 31. Qe5 c3 32.
Qb8+ Rc8 33. Qxb7 Rc7 34. Qb8+ Rc8 35. Qd6 Rc6 36. Nxe6+ Kc8 37. Qxd5 Rxe6
38. Rxe6 Bxe6 39. Qxe6+ {Black resigns} 1-0

[Event "ICC tourney 2046 (75 10)"]
[Site "Internet Chess Club"]
[Date "2020.10.10"]
[Round "2"]
[White "PSelvin"]
[Black "tjsathyan"]
[Result "1-0"]
[ICCResult "Black resigns"]
[WhiteElo "1501"]
[BlackElo "1263"]
[Opening "Sicilian: Grand Prix attack"]
[ECO "B23"]
[NIC "SI.44"]
[Time "11:02:58"]
[TimeControl "4500+10"]

1. e4 c5 2. Nc3 Nc6 3. f4 d6 4. Bb5 Bd7 5. Bxc6 Bxc6 6. d3 g6 7. Nf3 Bg7 8.
O-O Nf6 9. Qe1 O-O 10. h3 h5 11. Be3 Qc7 12. Qg3 Kh7 13. f5 Nd7 14. fxg6+
fxg6 15. Ng5+ Kg8 16. Rxf8+ Nxf8 17. Rf1 Qc8 18. Nf7 Be8 19. Nd5 Qd7 20.
Nh6+ Kh7 21. Nf7 Kg8 22. Ng5 Nh7 23. Nxh7 Kxh7 24. Bg5 e6 25. Nf4 Bd4+ 26.
Kh1 Be5 27. Qh4 Qf7 28. g4 Bxf4 29. Rxf4 Qg8 30. Be7 Qg7 31. Bf8 g5 32. Bxg7
gxh4 33. Bf6 hxg4 34. Rxg4 Ba4 35. b3 Bd7 36. Rg7+ Kh6 37. Rxd7 Kh5 38. Rxd6
Rg8 39. Rxe6 Rg6 40. Re5+ Kh6 41. Bxh4 {Black resigns} 1-0